 Dungeon Crawl Stone Soup version 0.29.1-15-g9cfb28693d (webtiles) character file.

Game seed: 10265382799533636651

802 Gabide the Trooper (level 7, -1/75 HPs)
             Began as an Ogre Fighter on Apr 26, 2023.
             Was a Follower of Elyvilon.
             Slain by a howler monkey (5 damage)
             ... on level 6 of the Dungeon.
             The game lasted 00:08:51 (7235 turns).

Gabide the Trooper (Ogre Fighter)                   Turns: 7235, Time: 00:08:52

Health: -1/75      AC:  0    Str: 20    XL:     7   Next: 90%
Magic:  7/7        EV:  8    Int:  9    God:    Elyvilon [*.....]
Gold:   163        SH: 10    Dex:  8    Spells: 6/6 levels left

rFire   . . .      SeeInvis .   a - +1 flail (venom)
rCold   . . .      Faith    .   c - +3 kite shield
rNeg    + . .      Spirit   .   k - quicksilver dragon scales of Skepticism {rElec rN+ Will+ Str-3}
rPois   .          Reflect  .   (helmet restricted)
rElec   +          Harm     .   (no cloak)
rCorr   .          Rampage  .   (gloves unavailable)
Will    ++...                   (boots unavailable)
Stlth   ..........              (no amulet)
HPRegen 0.22/turn               g - ring of willpower
MPRegen 0.10/turn               (no ring)

@: corroded
A: large, unfitting armour, tough skin 1
a: Renounce Religion, Purification


You were on level 6 of the Dungeon.
You worshipped Elyvilon.
Elyvilon was aware of your devotion.
You visited 2 branches of the dungeon, and saw 7 of its levels.
You also visited: Sewer.

You collected 299 gold pieces.
You spent 136 gold pieces at shops.

Inventory:

Hand Weapons
 a - a +1 flail of venom (weapon)
Missiles
 b - a curare-tipped dart (quivered)
Armour
 c - a +3 kite shield (worn)
 k - the quicksilver dragon scales of Skepticism (worn) {rElec rN+ Will+ Str-3}
   (You acquired it in a sewer)

   Str:       It affects your strength (-3).
   rElec:     It insulates you from electricity.
   rN:        It protects you from negative energy.
   Will:      It increases your willpower.
Jewellery
 g - a ring of willpower (left hand)
 n - a ring of fire
 t - the dreamshard necklace {*Dream Drain}
   (You found it on level 2 of the Dungeon)

   [amulet of nothing]

   It shatters if its wearer takes lethal or near-lethal damage, preventing the
   blow and releasing protective dreams that heal and fight for the wearer.
   Drain:     It drains your maximum health when unequipped.
Wands
 s - a wand of charming (9)
 w - a wand of flame (36)
Scrolls
 d - 2 scrolls of vulnerability {unknown}
 f - a scroll of fear
 j - a scroll of blinking {unknown}
 m - 2 scrolls of noise
 p - 2 scrolls of magic mapping {unknown}
 x - a scroll of butterflies {unknown}
Potions
 e - 4 potions of curing
 h - 4 potions of degeneration
 i - a potion of lignification {unknown}
 l - 9 potions of flight
 o - a potion of attraction {unknown}
 q - 3 potions of heal wounds
 r - 2 potions of cancellation {unknown}
 u - a potion of berserk rage {unknown}
 v - a potion of mutation


   Skills:
 * Level 6.0 Fighting
 * Level 4.0 Maces & Flails
 - Level 4.0 Armour
 - Level 4.0 Dodging
 + Level 4.0 Shields
 * Level 0.5 Invocations


You had 6 spell levels left.
You didn't know any spells.
Your spell library contained the following spells:

 Spells                   Type           Power      Damage    Failure   Level
 Shock                    Conj/Air       0%         1d3       83%         1
 Sublimation of Blood     Necr           0%         N/A       93%         2
 Wereblood                Tmut           0%         N/A       93%         2
 Swiftness                Air            0%         N/A       99%         3
 Airstrike                Air            0%         2d(0-16)  100%        4
 Summon Lightning Spire   Summ/Air       0%         N/A       100%        4
 Storm Form               Tmut/Air       0%         N/A       100%        7
 Summon Hydra             Summ           0%         N/A       100%        7
 Maxwell's Capacitive Co  Air            0%         ∞         100%        8


Dungeon Overview and Level Annotations

Branches:
Dungeon (6/15)             Temple (1/1) D:4           Sewer (visited)

Altars:
Cheibriados
Elyvilon
Fedhas
Gozag
Kikubaaqudgha
Nemelex Xobeh
Okawaru
Qazlal
Ru
Sif Muna
Trog
Uskayaw
Vehumet
Wu Jian
Yredelemnul
The Shining One

Shops:
D:4 (


Innate Abilities, Weirdness & Mutations

You are too large for most types of armour.
You have tough skin. (AC +1)


Message History

You thump the jelly!
Your hands burn!
The jelly is severely wounded.
The electric eel shoots out a bolt of lightning at you!
The bolt of electricity hits you. You resist. The jelly closely misses you.
The howler monkey hits you.
You hit the jelly but do no damage.
The jelly is poisoned.
Your hands burn!
The jelly is severely wounded.
You block the howler monkey's attack.
The electric eel shoots out a bolt of lightning at you!
The bolt of electricity hits you. You resist. The jelly hits you.
The acid corrodes you!
You are splashed with acid.
The howler monkey hoots and howls with incredible vigour!
You block the jelly's attack.
The electric eel shoots out a bolt of lightning at you!
The bolt of electricity hits you. You resist.
An adder comes into view.
You hear an angry buzzing noise.
You are too injured to fight recklessly!
You are too injured to fight recklessly!
You are too injured to fight recklessly!
You hit the jelly but do no damage.
Your hands burn!
The jelly is almost dead.
You block the howler monkey's attack.
The electric eel shoots out a bolt of lightning at you!
The bolt of electricity hits you. You resist. You block the jelly's attack.
The howler monkey hits you.
* * * LOW HITPOINT WARNING * * *
You hit the jelly but do no damage.
The jelly looks even sicker.
Your hands burn!
* * * LOW HITPOINT WARNING * * *
The jelly is almost dead.
The electric eel shoots out a bolt of lightning at you!
The bolt of electricity hits you. You resist.
* * * LOW HITPOINT WARNING * * *
The jelly hits you.
* * * LOW HITPOINT WARNING * * *
You are splashed with acid!
* * * LOW HITPOINT WARNING * * *
The howler monkey hits you.
You die...

.P~♣♣♣P♣♣~~.#.
..P~~≈≈♣~~~P..
...PP♣≈♣≈~~..
..PP~~~≈~P.
#~PP~~~P~#
#P~P~PP~##
###.PPShPS.#
#......@J.##..
##.....#.......
##.#....>.....
##.....#.....
#<...##.....
#..### ....
#### #.. ..


You could see a howler monkey, a jelly (very poisoned), an electric eel and an
adder.

Vanquished Creatures
  Sigmund (D:5)
  A phantom (D:4)
  A kobold brigand (D:3)
  A scorpion (D:5)
  An iguana (D:5)
  An iron imp (D:5)
  2 orc wizards (D:4)
  6 river rats
  14 adders
  2 ufetubi
  6 worms
  5 orcs
  15 ball pythons
  8 endoplasms
  5 giant cockroaches
  5 goblins
  8 hobgoblins
  7 jackals
  3 kobolds (D:1)
  10 quokkas
  12 bats
  8 frilled lizards
  9 rats
131 creatures vanquished.

Vanquished Creatures (others)
  A plant (D:6)
1 creature vanquished.

Grand Total: 132 creatures vanquished

Notes
Turn   | Place    | Note
-------+----------+-------------------------------------------
     0 | D:1      | Gabide the Ogre Fighter began the quest for the Orb.
     0 | D:1      | Reached XP level 1. HP: 24/24 MP: 1/1
   274 | D:1      | Reached XP level 2. HP: 25/32 MP: 2/2
   916 | D:1      | Reached XP level 3. HP: 40/40 MP: 3/3
  2007 | D:2      | Reached XP level 4. HP: 49/49 MP: 4/4
  2160 | D:2      | Reached skill level 5 in Fighting
  2524 | D:2      | Found the dreamshard necklace {*Dream Drain}
  2785 | D:3      | Identified a scroll of acquirement
  2785 | D:3      | Acquired a ring of willpower
  3092 | D:3      | Found a glowing drain.
  3096 | Sewer    | Entered a sewer
  3104 | Sewer    | Reached XP level 5. HP: 40/57 MP: 5/5
  3871 | Sewer    | Reached XP level 6. HP: 23/67 MP: 6/6
  4113 | Sewer    | Acquired the quicksilver dragon scales of Skepticism {rElec
                  | rN+ Will+ Str-3}
  4606 | D:3      | Reached skill level 6 in Fighting
  4756 | D:3      | Found a hide-covered altar of Uskayaw.
  4932 | D:3      | You fall into a shaft and drop 2 floors!
  4932 | D:5      | Entered Level 5 of the Dungeon
  5040 | D:4      | Found a staircase to the Ecumenical Temple.
  5055 | Temple   | Entered the Ecumenical Temple
  5076 | Temple   | Became a worshipper of Elyvilon the Healer
  5210 | D:4      | Found Gugesini's Antique Weapon Emporium.
  5269 | D:4      | Bought a runed flail for 136 gold pieces
  5371 | D:4      | Found a shimmering blue altar of Sif Muna.
  5381 | D:4      | Reached skill level 1 in Armour
  5384 | D:4      | Reached XP level 7. HP: 55/75 MP: 7/7
  6225 | D:3      | Reached * piety under Elyvilon
  6897 | D:5      | Found a snail-covered altar of Cheibriados.
  7003 | D:5      | Noticed Sigmund
  7014 | D:5      | Killed Sigmund
  7235 | D:6      | Slain by a howler monkey

Illustrated notes

Levels and vault maps discovered:
D:1:      dpeg_arrival_three_same_balls, layout_basic
D:2:      layout_loops_ring, amcnicky_mini_pool_small, kennysheep_generic_room_6
D:3:      layout_basic, eat_drink_and_be_merry_uskayaw, gup_sewer_entry_spiral
D:4:      layout_loops_corners, kennysheep_orc_sif_temple,
          minmay_temple_entry_arrows, serial_shops, shop
D:5:      layout_loops_ring, chei_slow_surprise, uniq_sigmund
D:6:      layout_cave_pools, serial_bayou, serial_bayou_lagoon_b,
          serial_bayou_pond_b, serial_bayou_shore_b, serial_bayou_pond_e,
          serial_bayou_lagoon_a, serial_bayou_shore_a, uniq_menkaure,
          uniq_grinder, uniq_eustachio
Temple:   nicolae_temple_god_jail

Skill      XL: |  1  2  3  4  5  6  7 |
---------------+----------------------+-----
Maces & Flails | 2 3 4 |  4.0
Dodging        | 3 4 |  4.0
Fighting       | 5 6 |  6.0
Shields        | 4 |  4.0
Armour         | 1 4 |  4.0
Invocations    | |  0.5

Action                   |  1- 3 |  4- 6 |  7- 9 || total
-------------------------+-------+-------+-------++-------
Melee: Flail             |   139 |   210 |    56 ||   405
  Use: Scroll            |       |    11 |       ||    11
       Potion            |       |     4 |       ||     4
Armor: Robe              |    27 |    49 |       ||    76
       Quicksilver drago |       |    27 |    26 ||    53
Dodge: Dodged            |    58 |    84 |    19 ||   161
Block: Kite shield       |    56 |   117 |    21 ||   194
